 Dungeon Crawl Stone Soup version 0.31.0-11-ge490571c62 (webtiles) character file.

Game seed: 3523617152433322583

115 440024613 the Cutter (level 5, -2/41 HPs)
             Began as a Human Berserker on Jan 28, 2024.
             Was a Believer of Trog.
             Slain by a gnoll
             ... wielding a +0 club
              (7 damage)
             ... on level 4 of the Dungeon.
             The game lasted 00:23:31 (2380 turns).

440024613 the Cutter (Human Berserker)              Turns: 2380, Time: 00:23:32

Health: -2/41      AC:  6    Str: 19    XL:     5   Next: 0%
Magic:  5/5        EV: 10    Int:  8    God:    Trog [**....]
Gold:   107        SH:  0    Dex: 12    Spells: 4/4 levels left

rFire   . . .        z - +1 hand axe (heavy)
rCold   . . .        (no shield)
rNeg    . . .        x - +0 scale mail
rPois   .            (no helmet)
rElec   .            (no cloak)
rCorr   .            (no gloves)
SInv    .            (no boots)
Will    .....        (no amulet) Stlth
                     (no ring)
HPRegen 0.26/turn    (no ring)
MPRegen 0.09/turn

%: no passive effects
@: mighty
A: explore regen
a: Renounce Religion, Berserk, Trog's Hand


You were on level 4 of the Dungeon.
You worshipped Trog.
Trog was pleased with you.
You visited 1 branch of the dungeon, and saw 4 of its levels.

You collected 107 gold pieces.

Inventory:

Hand Weapons
 a - a +0 short sword
 d - a +0 club
 h - a +0 club
 l - a +0 sling
 m - a +0 dagger
 p - a +0 falchion
 r - a +0 trident
 s - a +0 dagger
 u - a +0 rapier
 z - a +1 heavy hand axe (weapon)
Missiles
 E - 6 poisoned darts (quivered)
Armour
 b - a +0 animal skin
 n - a +0 robe
 o - a +3 leather armour
 x - a +0 scale mail (worn)
Magical Staves
 g - a staff of death
Jewellery
 B - a ring of protection from fire
Wands
 D - a wand of light (7)
Scrolls
 e - a scroll of immolation {unknown}
 i - a scroll of fog {unknown}
 q - 2 scrolls of revelation {unknown}
 w - a scroll of teleportation {unknown}
 y - a scroll of vulnerability {unknown}
 C - a scroll of enchant weapon {unknown}
 G - a scroll of identify {unknown}
Potions
 c - a potion of curing {unknown}
 f - a potion of degeneration {unknown}
 j - a potion of haste {unknown}
 k - 2 potions of attraction {unknown}
 t - a potion of heal wounds {unknown}
 v - a potion of lignification {unknown}
 A - a potion of might
 F - a potion of ambrosia {unknown}


   Skills:
 + Level 3.5 Fighting
 + Level 4.3 Short Blades
 + Level 0.1(0.2) Axes
 + Level 0.3 Polearms
 + Level 2.4 Armour
 + Level 2.6 Dodging
 + Level 0.3 Stealth


You had 4 spell levels left.
You didn't know any spells.
Your spell library contained the following spells:

 Spells                   Type           Power      Damage    Failure   Level
 Apportation              Tloc           0%         N/A       78%         1
 Necrotise                Necr           0%         1d4       78%         1
 Sting                    Conj/Alch      0%         1d3       78%         1
 Summon Small Mammal      Summ           0%         N/A       78%         1
 Sublimation of Blood     Necr           0%         N/A       89%         2
 Petrify                  Alch/Erth      0%         N/A       100%        4
 Irradiate                Conj/Alch      0%         3d11      100%        5


Dungeon Overview and Level Annotations

Branches:
Dungeon (4/15)
 Temple: D:4-7

Altars:
Cheibriados
Uskayaw
Yredelemnul


Innate Abilities, Weirdness & Mutations

You regain HP and MP as you explore.


Message History

The hound bites you but does no damage. The hound barely misses you.
The gnoll hits you but does no damage.
You miss the hound. The hound closely misses you.
The hound completely misses you. The gnoll misses you. The hound bites you.
The gnoll hits you from afar with a +0 spear.
You slash the hound!
The hound is severely wounded.
The hound bites you. The hound bites you but does no damage.
The gnoll closely misses you. The gnoll hits you with a +0 club.
The hound closely misses you.
The gnoll hits you from afar with a +0 spear.
The gnoll closely misses you.
There is a stone staircase leading up here.
You hit the gnoll.
The gnoll is moderately wounded.
You barely miss the hound. The hound bites you but does no damage.
The hound barely misses you. The gnoll barely misses you. x2
The hound bites you but does no damage. The gnoll hits you but does no damage.
The gnoll closely misses you.
You slash the hound!
You kill the hound!
Trog accepts your kill.
You closely miss the gnoll. The gnoll barely misses you.
The gnoll hits you from afar with a +0 spear.
The gnoll closely misses you.
The gnoll hits you from afar with a +0 spear.
* * * LOW HITPOINT WARNING * * *
You have reached level 5!
It was a potion of might.
You feel very mighty all of a sudden. The gnoll closely misses you.
The gnoll hits you from afar with a +0 spear.
* * * LOW HITPOINT WARNING * * *
The gnoll attacks as it pursues you!
The gnoll hits you from afar with a +0 spear!
* * * LOW HITPOINT WARNING * * *
You barely miss the gnoll.
The gnoll is moderately wounded.
The gnoll hits you with a +0 club!
You die...

### [. # ####.##
.# .....##.#.#
#..#....#
.####..@#
>........g#
#.#####..g###.#.#
#.##.............
##<##.##..###.####
.... #..# # #.#
#..# ####.#####..#
#.....g.....#


You could see 2 gnolls.

Vanquished Creatures
  A hound (D:4)
  A gnoll (D:4)
  4 adders (D:3)
  A dart slug (D:2)
  3 ribbon worms
  An orc (D:3)
  A bat skeleton (D:2)
  An endoplasm (D:2)
  3 giant cockroaches
  5 hobgoblins
  3 quokkas
  2 ball pythons
  A frilled lizard (D:1)
  3 goblins
  A jackal skeleton (D:2)
  2 kobolds (D:3)
  2 rats
  2 butterflies (D:3)
37 creatures vanquished.

Notes
Turn   | Place    | Note
-------+----------+-------------------------------------------
     0 | D:1      | 440024613 the Human Berserker began the quest for the Orb.
     0 | D:1      | Reached XP level 1. HP: 18/18 MP: 1/1
   650 | D:1      | Reached XP level 2. HP: 22/24 MP: 2/2
  1359 | D:2      | Reached XP level 3. HP: 29/29 MP: 3/3
  1441 | D:3      | Noticed a +0 spear
  1441 | D:3      | Noticed a +0 dagger
  1442 | D:3      | Noticed a +0 short sword
  1444 | D:3      | Noticed a +0 short sword
  1444 | D:3      | Noticed a +0 falchion
  1444 | D:3      | Noticed a +0 dagger
  1542 | D:3      | Reached skill level 4 in Short Blades
  1542 | D:3      | Reached XP level 4. HP: 32/35 MP: 4/4
  1820 | D:3      | Found a basalt altar of Yredelemnul.
  1821 | D:3      | Found a snail-covered altar of Cheibriados.
  2196 | D:3      | Noticed a +0 falchion
  2196 | D:3      | Noticed a +0 spear
  2204 | D:3      | Found a hide-covered altar of Uskayaw.
  2320 | D:4      | Reached ** piety under Trog
  2378 | D:4      | Reached XP level 5. HP: 11/41 MP: 5/5
  2380 | D:4      | Slain by a gnoll

Illustrated notes

Levels and vault maps discovered:
D:1:      mainiacjoe_arrival_oval_in_oval, layout_loops_ring, serial_bayou,
          serial_bayou_shore_b, serial_bayou_shore_a, serial_bayou_lagoon_b,
          serial_bayou_pond_e, nicolae_figureground_sparkle
D:2:      layout_rooms, serial_undead, serial_undead_d, serial_undead_e,
          serial_undead_c, serial_undead_b
D:3:      layout_basic, mainiacjoe_overflow_divided_tiny,
          nicolae_uskayaw_en_pointe, interstate_on_off, hangedman_glass_garden,
          chequers_serial_rivers_micro_b, hex_medium,
          chequers_serial_rivers_marsh, grunt_decor_clamped
D:4:      layout_loops_ring, kennysheep_generic_room_3, uniq_grinder

Skill      XL: |  1  2  3 |
---------------+----------+-----
Short Blades   | 4 |  4.3
Fighting       | |  3.5
Axes           | |  0.1
Polearms       | |  0.3
Armour         | |  2.4
Dodging        | |  2.6
Stealth        | |  0.3

Action                     |  1- 3 |  4- 6 || total
---------------------------+-------+-------++-------
  Melee: Short sword       |    92 |       ||    92
         Trident           |    20 |       ||    20
         Rapier            |     9 |    52 ||    61
         Hand axe          |       |    11 ||    11
    Use: Potion            |       |     1 ||     1
 Armour: Animal skin       |    37 |       ||    37
         Leather armour    |    24 |       ||    24
         Scale mail        |       |    52 ||    52
  Dodge: Dodged            |    74 |    52 ||   126
